 Dungeon Crawl Stone Soup version 0.19-a0-1697-g0595f0e (webtiles) character file.

4833 kae the Carver (level 10, -2/70 HPs)
             Began as a Formicid Fighter on Sept 26, 2016.
             Was a Priest of Makhleb.
             Killed by divine providence
             ... invoked by an orc priest
              (12 damage)
             ... on level 11 of the Dungeon.
             The game lasted 00:13:41 (8397 turns).

kae the Carver (Formicid Fighter)                   Turns: 8397, Time: 00:13:42

Health: -2/70      AC: 12    Str: 29    XL:     10   Next: 77%
Magic:  14/14      EV: 10    Int:  8    God:    Makhleb [***...]
Gold:   469        SH:  5    Dex: 10    Spells: 0 memorised, 9 levels left

rFire  . . .     SeeInvis +     a - +1 long sword
rCold  . . .     Gourm    .     h - +2 chain mail {rN+}
rNeg   + . .     Faith    .     C - +0 buckler
rPois  .         Spirit   .     (helmet unavailable)
rElec  .         Dismiss  .     (no cloak)
rCorr  .         Reflect  .     (no gloves)
MR     +....     Harm     +     (no boots)
Stlth  ..........               B - amulet of harm
                                O - +2 ring of evasion
                                p - ring of wizardry

@: mighty
A: permanent stasis, dig shafts and tunnels, four strong arms, antennae 3
a: Dig, Shaft Self, Minor Destruction, Lesser Servant of Makhleb, Renounce
Religion


You were on level 11 of the Dungeon.
You worshipped Makhleb.
Makhleb was most pleased with you.
You were very hungry.

You visited 2 branches of the dungeon, and saw 11 of its levels.
You also visited: Ossuary.

You collected 469 gold pieces.

Inventory:

Hand Weapons
 a - a +1 long sword (weapon)
Armour
 c - a +0 shield
 h - a +2 chain mail of positive energy (worn)
 C - a +0 buckler (worn)
Jewellery
 m - an uncursed ring of fire
 p - a ring of wizardry (left hand)
 x - an uncursed ring of ice
 y - an uncursed ring of wizardry
 B - an amulet of harm (around neck)
 O - a +2 ring of evasion (right hand)
Wands
 n - a wand of lightning (0/15)
 t - a wand of lightning (0/15)
 D - a wand of random effects (26/48)
Scrolls
 g - 2 scrolls of fog
 j - a scroll of enchant weapon
 k - 2 scrolls of enchant armour
 l - 4 scrolls of remove curse
 z - 3 scrolls of amnesia
 I - a scroll of immolation
 M - 2 scrolls of recharging
Potions
 e - a potion of cure mutation {unknown}
 o - 4 potions of brilliance
 r - 3 potions of magic
 w - a potion of lignification {unknown}
 A - a potion of agility
 K - a potion of mutation
Books
 G - a Fen Folio

   Spells                             Type                      Level
   a - Corpse Rot                     Necromancy                   2
   b - Stone Arrow                    Conjuration/Earth            3
   c - Leda's Liquefaction            Hexes/Earth                  4
   d - Summon Forest                  Summoning/Translocation      5
   e - Hydra Form                     Transmutation                6
   f - Summon Hydra                   Summoning                    7
Comestibles
 f - 5 bread rations
 i - 2 slices of pizza
 q - 2 beef jerkies
 s - a meat ration


   Skills:
 - Level 3.2 Fighting
 * Level 13.0 Long Blades
 - Level 3.2 Armour
 - Level 7.5 Shields
 + Level 5.6 Invocations


You had 9 spell levels left.
You didn't know any spells.

Dungeon Overview and Level Annotations

Branches:
Dungeon (11/15)            Temple (1/1) D:4
   Lair: D:8-11         Orc: D:9-12

Altars:
Ashenzari
Cheibriados
Dithmenos
Elyvilon
Fedhas
Gozag
Hepliaklqana
Kikubaaqudgha
Makhleb
Nemelex Xobeh
Qazlal
Ru
Sif Muna
Trog
Uskayaw
Vehumet
Xom
Yredelemnul
Zin
The Shining One


Innate Abilities, Weirdness & Mutations

You are under a permanent stasis effect.
You can dig through walls and to a lower floor.
Your four strong arms can wield two-handed weapons with a shield.
You have a pair of large antennae on your head. (SInv)


Message History

A killer bee comes into view.
Okay, then.
Okay, then.
Are you sure you want to shaft yourself?
There are monsters nearby!
Are you sure you want to shaft yourself?
You are feeling very hungry.
The killer bee buzzes angrily.
You begin to dig a shaft.
You continue digging a shaft.
The killer bee buzzes angrily.
The yak gores you.
* * * LOW HITPOINT WARNING * * *
A shaft appears beneath you!
You fall through a shaft!
The shaft crumbles and collapses.
An orc priest comes into view. It is wielding a dagger of distortion.
The orc priest shouts!
You hear a shout! x4
The orc priest invokes the aid of Beogh against you.
Beogh smites you!
You die...

#+########
#.@.o....#
#...####...
.....##
#.....
##....
###.. ##.
##


You could see an orc priest.

Vanquished Creatures
  Pikel (D:7)
  A wraith (Ossuary)
  9 yaks (D:8)
  A basilisk (D:8)
  3 orc warriors
  An ice beast (D:6)
  4 slaves (D:7)
  A sky beast (D:5)
  2 wolves (D:10)
  3 ogres
  3 centaurs
  2 bullfrogs
  A scorpion (D:5)
  4 wights (D:8)
  A howler monkey (D:5)
  3 crimson imps
  A centaur zombie (D:7)
  A gnoll shaman (D:5)
  5 hounds
  2 quasits
  3 orc priests
  2 orc wizards
  4 iguanas
  Ijyb (D:3)
  5 worker ants
  A killer bee zombie (D:8)
  3 hound zombies
  3 mummies (Ossuary)
  2 howler monkey skeletons (D:5)
  A worker ant zombie (D:6)
  8 adders
  6 gnolls
  4 shadow imps
  An ooze (D:2)
  2 adder skeletons
  5 worms
  A dart slug (D:2)
  6 leopard geckos
  24 orcs
  9 bats
  6 giant cockroaches
  A gnoll zombie (Ossuary)
  10 goblins
  5 hobgoblins
  8 jackals
  4 quokkas
  3 ball pythons
  2 frilled lizards
  3 goblin zombies (Ossuary)
  3 hobgoblin zombies (Ossuary)
  4 kobolds
  5 kobold zombies (Ossuary)
  9 rats
203 creatures vanquished.

Vanquished Creatures (collateral kills)
  A black bear (D:10)
1 creature vanquished.

Vanquished Creatures (others)
  A howler monkey zombie (D:7)
  3 plants (D:8)
4 creatures vanquished.

Grand Total: 208 creatures vanquished

Notes
Turn   | Place    | Note
-------+----------+-------------------------------------------
     0 | D:1      | kae the Formicid Fighter began the quest for the Orb.
     0 | D:1      | Reached XP level 1. HP: 18/18 MP: 1/1
   138 | D:1      | Reached XP level 2. HP: 24/24 MP: 2/2
   446 | D:2      | Reached XP level 3. HP: 29/29 MP: 3/3
   469 | D:2      | Reached skill level 3 in Long Blades
  1008 | D:2      | Reached XP level 4. HP: 31/35 MP: 4/4
  1317 | D:2      | Reached skill level 4 in Long Blades
  1317 | D:2      | Reached XP level 5. HP: 35/41 MP: 5/5
  1369 | D:2      | Reached skill level 5 in Shields
  1489 | D:3      | Noticed Ijyb
  1514 | D:3      | Killed Ijyb
  1673 | D:3      | Reached XP level 6. HP: 47/47 MP: 6/6
  1824 | D:3      | Reached skill level 5 in Long Blades
  2196 | D:4      | Found a staircase to the Ecumenical Temple.
  2201 | Temple   | Entered the Ecumenical Temple
  2396 | Temple   | Became a worshipper of Makhleb the Destroyer
  2448 | D:4      | Noticed an ogre
  2456 | D:4      | Killed an ogre
  2719 | D:4      | Reached XP level 7. HP: 34/52 MP: 7/7
  3148 | D:4      | Noticed a moth of wrath
  3151 | D:4      | Found a bloodstained altar of Trog.
  3189 | D:4      | Reached skill level 6 in Long Blades
  3685 | D:5      | Entered Level 5 of the Dungeon
  4015 | D:5      | Reached skill level 7 in Long Blades
  4015 | D:5      | Reached XP level 8. HP: 30/58 MP: 8/8
  4215 | D:5      | Reached * piety under Makhleb
  4494 | D:5      | Reached skill level 8 in Long Blades
  5563 | D:6      | Reached skill level 9 in Long Blades
  5563 | D:6      | Reached XP level 9. HP: 22/64 MP: 9/9
  5967 | D:6      | Reached ** piety under Makhleb
  6345 | D:6      | Reached skill level 10 in Long Blades
  6753 | D:7      | Noticed Pikel
  6763 | D:7      | Killed Pikel
  6937 | D:7      | Reached skill level 11 in Long Blades
  7023 | D:7      | Reached skill level 1 in Invocations
  7361 | D:7      | Found a sand-covered staircase.
  7369 | Ossuary  | Entered an ossuary
  7642 | Ossuary  | Reached XP level 10. HP: 70/70 MP: 11/11
  8056 | D:8      | Found a white marble altar of Elyvilon.
  8057 | D:8      | Found a deep blue altar of Sif Muna.
  8176 | D:8      | Reached skill level 12 in Long Blades
  8188 | D:8      | Reached *** piety under Makhleb
  8203 | D:8      | Reached skill level 5 in Invocations
  8243 | D:8      | You fall through a shaft for 3 floors!
  8320 | D:11     | Noticed a cyclops
  8329 | D:10     | Entered Level 10 of the Dungeon
  8394 | D:10     | Reached skill level 13 in Long Blades
  8397 | D:10     | You fall through a shaft!
  8397 | D:11     | Killed from afar by an orc priest

Vault maps used:
D:1:      minmay_arrival_jagged
D:2:      first_bread, glass_columns_a
D:3:      uniq_iyjb
D:4:      tgw_trog
D:6:      grunt_ministairs_12
D:7:      chequers_ossuary_entry_cave, kennysheep_generic_room_2, uniq_pikel
D:8:      lemuel_coloured_pillars_altar, gammafunk_temple_overflow_wave,
          minmay_lair_entry_grove, hangedman_ranch, kennysheep_okawaru_gauntlet
D:10:     erik_rubicon_a, st_stairs_9, makhleb_altar_promises_db, uniq_harold,
          uniq_grum, uniq_psyche
D:11:     david_orc_1_choice, serial_shops, shop, serial_undead,
          serial_undead_c, serial_undead_e, serial_undead_e, serial_undead_f,
          serial_undead_b, serial_undead_b, serial_undead_a, serial_undead_b,
          serial_undead_d, serial_undead_b
Temple:   dpeg_five_rooms_temple
Ossuary:  ossuary_kennysheep_city_of_the_dead

Skill      XL: |  1  2  3  4  5  6  7  8  9 10 |
---------------+-------------------------------+-----
Shields        | 4 5 6 7 |  7.5
Long Blades    | 3 4 5 7 9 11 13 | 13.0
Invocations    | 2 5 |  5.6
Fighting       | |  3.2
Armour         | |  3.2

Action                   |  1- 3 |  4- 6 |  7- 9 | 10-12 || total
-------------------------+-------+-------+-------+-------++-------
Melee: Long sword        |   141 |   163 |   542 |   113 ||   959
Invok: Lesser Servant of |       |       |       |     2 ||     2
       Minor Destruction |       |       |       |     1 ||     1
 Abil: Dig               |     1 |     2 |       |     2 ||     5
       Shaft Self        |       |       |       |     2 ||     2
Evoke: Wand              |       |       |       |     7 ||     7
  Use: Potion            |       |       |     4 |     7 ||    11
       Scroll            |       |       |    15 |     8 ||    23
  Eat: Chunk             |       |     7 |    16 |       ||    23
       Meat ration       |       |       |       |     1 ||     1
Armor: Scale mail        |    82 |    56 |   140 |     1 ||   279
       Chain mail        |       |       |       |    25 ||    25
Dodge: Dodged            |    41 |    55 |   175 |    40 ||   311
Block: Shield            |    85 |    77 |       |       ||   162
       Buckler           |       |     1 |   116 |    17 ||   134
